 Dungeon Crawl Stone Soup version 0.31-a0-221-gbddc013574 (webtiles) character file.

Game seed: 7014933310810403856

94 qw the Shooter (level 4, -1/26 HPs)
             Began as a Gargoyle Hexslinger on July 3, 2023.
             Slain by Natasha (6 damage)
             ... on level 3 of the Dungeon.
             The game lasted 00:00:40 (2143 turns).

qw the Shooter (Gargoyle Hexslinger)                Turns: 2143, Time: 00:00:41

Health: -1/26      AC:  8    Str: 12    XL:     4   Next: 63%
Magic:  5/5        EV: 10    Int: 13    God:
Gold:   92         SH:  0    Dex: 14    Spells: 4/5 levels left

rFire   . . .        Y - +1 sling
rCold   . . .        (no shield)
rNeg    + . .        h - +0 ring mail
rPois   inf          (no helmet)
rElec   +            (no cloak)
rCorr   .            (no gloves)
SInv    .            (no boots)
Will    .....        (no amulet)
Stlth   +            (no ring)
HPRegen 0.24/turn    (no ring)
MPRegen 0.09/turn

%: no passive effects
@: no status effects
A: sickness immunity, AC +3, negative energy resistance 1, electricity
resistance, torment resistance 1, petrification resistance
a: no special abilities


You were on level 3 of the Dungeon.
You visited 1 branch of the dungeon, and saw 3 of its levels.

You collected 92 gold pieces.


Innate Abilities, Weirdness & Mutations

You are immune to sickness and miasma.
Your stone body is resilient. (AC +3)
You are immune to poison.
You resist negative energy. (rN+)
You are resistant to electric shocks. (rElec)
You are resistant to unholy torment.
You are immune to petrification.


   Skills:
 - Level 2.0 Fighting
 + Level 4.0 Ranged Weapons
 - Level 1.6 Armour
 - Level 1.5 Dodging
 - Level 1.0 Spellcasting
 - Level 2.6 Hexes


You had 4 spell levels left.
You knew the following spells:

 Your Spells              Type           Power      Damage    Failure   Level
a - Slow                  Hex            28%        N/A       21%         1

Your spell library contained the following spells:

 Spells                   Type           Power      Damage    Failure   Level
 Inner Flame              Hex/Fire       4%         N/A       71%         3
 Portal Projectile        Hex/Tloc       8%         N/A       71%         3
 Cause Fear               Hex            3%         N/A       90%         4

Inventory:

Hand Weapons
 Y - a +1 sling (weapon)
Armour
 h - a +0 ring mail (worn)
Jewellery
 d - a ring of ice
Scrolls
 b - 2 scrolls of identify
Potions
 a - a potion of curing {unknown}
 c - a potion of haste {unknown}

Dungeon Overview and Level Annotations

Branches:
Dungeon (3/15)

Altars:
Nemelex Xobeh
Vehumet

Annotations:
D:3 Natasha


Message History

Natasha claws you but does no damage.
You shoot a sling bullet. The sling bullet barely misses Natasha.
Natasha claws you but does no damage.
The cerulean imp hits you but does no damage.
Natasha claws you but does no damage.
You shoot a sling bullet.
The sling bullet hits Natasha but does no damage.
Natasha is moderately wounded.
The cerulean imp barely misses you. Natasha claws you.
You shoot a sling bullet.
The sling bullet closely misses Natasha.
The cerulean imp hits you from afar with a +0 spear.
Natasha stares at you and mumbles some strange words.
The magic dart hits you.
The cerulean imp hits you from afar with a +0 spear.
You shoot a sling bullet. The sling bullet barely misses Natasha.
Natasha misses you.
The cerulean imp hits you but does no damage.
Natasha closely misses you.
You shoot a sling bullet. The sling bullet barely misses Natasha.
The cerulean imp hits you but does no damage.
Natasha barely misses you.
You shoot a sling bullet.
The sling bullet closely misses Natasha.
The cerulean imp hits you from afar with a +0 spear.
Natasha claws you.
The cerulean imp hits you from afar with a +0 spear.
You shoot a sling bullet. The sling bullet hits Natasha!
Natasha is almost dead.
Natasha closely misses you. The cerulean imp misses you.
Natasha completely misses you.
You shoot a sling bullet. The sling bullet hits Natasha.
Natasha is almost dead.
The cerulean imp hits you but does no damage.
Natasha claws you.
You shoot a sling bullet.
The sling bullet hits Natasha but does no damage.
Natasha is almost dead.
The cerulean imp barely misses you. Natasha claws you.
You die...

#.####...####.##.###.######
#.# #.#.....%....# #.#
#.####...####.######.#
#.......## #........#
######### #.######## #.#
########.## #.........# ##.
#.######.@######...¤
#.#.....h........~~~ #
#####.#......5####..~~~###.#
#......(.........#.~~¤~#.#.
##.###.#..<^...##...~~~~#..
#..>.............>.~~~~~#.#
#.#####<.......#.#.######.#
#.# #.#####.##..........#
#.# #.# ##'####.######.# ¤


You could see Natasha and a cerulean imp (summoned).

Vanquished Creatures
  Natasha (D:3)
  A gnoll (D:1)
  An adder (D:2)
  2 worms
  2 orcs (D:3)
  6 bats
  2 endoplasms (D:2)
  2 giant cockroaches
  2 goblins (D:3)
  2 hobgoblins
  10 jackals (D:1)
  2 ball pythons
  2 frilled lizards
  6 kobolds
  A rat (D:2)
42 creatures vanquished.

Vanquished Creatures (others)
  A goblin (D:3)
1 creature vanquished.

Grand Total: 43 creatures vanquished

Notes
Turn   | Place    | Note
-------+----------+-------------------------------------------
     0 | D:1      | qw the Gargoyle Hexslinger began the quest for the Orb.
     0 | D:1      | Reached XP level 1. HP: 12/12 MP: 2/2
     0 | D:1      | 0 ||| qw: Version: 0.3-a-40-ge99b1a8
     0 | D:1      | 0 ||| qw: Game counter: 585
     0 | D:1      | 0 ||| qw: Melee chars always use a shield: true
     0 | D:1      | 0 ||| qw: God list: Okawaru
     0 | D:1      | 0 ||| qw: Allow faded altars: false
     0 | D:1      | 0 ||| qw: Do Orc after clearing Dungeon:15 true
     0 | D:1      | 0 ||| qw: Do second Lair branch before Depths: true
     0 | D:1      | 0 ||| qw: Lair rune preference: random
     0 | D:1      | 0 ||| qw: Goals: Normal
     0 | D:1      | 0 ||| PLANNING D:1-11
   171 | D:1      | Reached XP level 2. HP: 11/16 MP: 3/3
   227 | D:1      | Reached skill level 3 in Ranged Weapons
   313 | D:1      | Reached XP level 3. HP: 21/21 MP: 4/4
   529 | D:1      | Found a faded altar of an unknown god.
   621 | D:1      | 621 ||| READING scroll labelled DEISTR MAVONYOTUGI.
   622 | D:1      | 622 ||| DRINKING 2 amethyst potions.
   623 | D:1      | 623 ||| DROPPING scroll of poison.
   624 | D:1      | 624 ||| DROPPING potion of attraction.
   860 | D:2      | Found a sparkling altar of Nemelex Xobeh.
  1288 | D:2      | 1288 ||| UPGRADING to +0 leather armour.
  1298 | D:2      | 1298 ||| DROPPING +0 robe.
  1299 | D:2      | 1299 ||| UPGRADING to +0 ring mail.
  1309 | D:2      | 1309 ||| DROPPING +0 leather armour.
  1310 | D:2      | 1310 ||| READING scroll labelled NIBBIA OLEALI.
  1311 | D:2      | 1311 ||| READING 2 scrolls labelled RIDULE WOMNOYPP.
  1312 | D:2      | 1312 ||| READING 2 scrolls labelled AKLUING DUNLU.
  1315 | D:2      | 1315 ||| READING scroll labelled KEADOA DUEW.
  1316 | D:2      | 1316 ||| READING scroll labelled TOF BIK IHAZE.
  1317 | D:2      | 1317 ||| DROPPING scroll of fog.
  1380 | D:3      | Reached XP level 4. HP: 26/26 MP: 5/5
  1591 | D:3      | HP: 2/26 [worm (6)]
  1592 | D:3      | 1592 ||| READING scroll of teleportation.
  1755 | D:3      | Reached skill level 4 in Ranged Weapons
  1933 | D:3      | Noticed Natasha
  1938 | D:3      | Killed Natasha
  1939 | D:3      | Reached skill level 1 in Armour
  1965 | D:3      | Found a radiant altar of Vehumet.
  2128 | D:3      | Noticed Natasha
  2140 | D:3      | HP: 6/26 [cerulean imp/+0 spear[Natasha] (1)]
  2143 | D:3      | Slain by Natasha

Levels and vault maps discovered:
D:1:      lemuel_arrival_river_bridge, layout_rooms,
          shapermc_ecumenical_altar_mp_urbaneastern,
          nicolae_twisty_statue_hallways
D:2:      layout_basic, basic_altar, roderic_lattice_a, minmay_tree_intersection
D:3:      layout_loops_corners, fiery_altar_vehumet, grunt_decor_junction,
          corexii_hall_statues_l, uniq_natasha

Skill      XL: |  1  2  3  4 |
---------------+-------------+-----
Ranged Weapons | 3 4 |  4.0
Fighting       | 2 |  2.0
Armour         | 1 |  1.6
Dodging        | |  1.5
Spellcasting   | |  1.0
Hexes          | |  2.6

Action                     |  1- 3 |  4- 6 || total
---------------------------+-------+-------++-------
   Fire: Sling             |   106 |    54 ||   160
    Use: Scroll            |     6 |     1 ||     7
         Potion            |     1 |       ||     1
 Armour: Robe              |    14 |       ||    14
         Ring mail         |     2 |    19 ||    21
  Dodge: Dodged            |    38 |    19 ||    57

Table legend:
 A = Non-vault XP
 B = Vault XP
 C = Vault XP percentage of total XP
 D = Non-vault monster count
 E = Vault monster count
 F = Vault count percentage of total count
                 A         B        C        D         E       F
            +---------+---------+-------+---------+---------+-------
      Total |     100 |      35 |  25.9 |      41 |       1 |   2.4
            +---------+---------+-------+---------+---------+-------
        D:1 |      42 |       0 |   0.0 |      16 |       0 |   0.0
        D:2 |      34 |       0 |   0.0 |      14 |       0 |   0.0
        D:3 |      24 |      35 |  59.3 |      11 |       1 |   8.3
            +---------+---------+-------+---------+---------+-------
